 Dungeon Crawl Stone Soup version 0.17-a0-1987-gaf5a542 (webtiles) character file.

2185 4thArraOfDagon the Cleaver (level 9, 0/81 HPs)
             Began as a Hill Orc Berserker on Oct 6, 2015.
             Was a Believer of Trog.
             Slain by a killer bee (5 damage)
             ... on level 9 of the Dungeon.
             The game lasted 00:07:16 (1329 turns).

4thArraOfDagon the Cleaver (Hill Orc Berserker)     Turns: 1329, Time: 00:07:16

Health: 0/81       AC: 10    Str: 20    XL:     9   Next: 33%
Magic:  9/9        EV:  8    Int: 12    God:    Trog [**....]
Gold:   76         SH:  0    Dex: 10    Spells: 0 memorised, 8 levels left

rFire  . . .     SeeInvis .     l - +3 hand axe (freeze)
rCold  . . .     Clarity  .     j - +0 chain mail
rNeg   . . .     SustAt   .     (no shield)
rPois  .         Gourm    .     (no helmet)
rElec  .         Spirit   .     (no cloak)
rCorr  .         Warding  .     (no gloves)
rMut   .         Stasis   .     (no boots)
MR     ++...                    (no amulet)
Stlth  ..........               (no ring)
                                h - +2 ring of intelligence (curse)

@: exhausted, regenerating, slowed, very slow, very resistant to hostile
enchantments, extremely unstealthy
A: no striking features
a: Burn Spellbooks, Berserk, Trog's Hand, Renounce Religion


You were on level 9 of the Dungeon.
You worshipped Trog.
Trog was pleased with you.
You were not hungry.

You visited 1 branch of the dungeon, and saw 10 of its levels.

You collected 76 gold pieces.

Inventory:

Hand Weapons
 a - a +0 hand axe
 l - a +3 hand axe of freezing (weapon)
 p - a +0 war axe
Armour
 j - a +0 chain mail (worn)
Magical Staves
 i - an uncursed staff of power {unknown}
Jewellery
 h - a cursed +2 ring of intelligence (left hand)
Wands
 e - a wand of fire (13)
 f - a wand of frost (20)
Scrolls
 d - 2 scrolls of amnesia {unknown}
 k - 2 scrolls of identify {unknown}
 m - 3 scrolls of teleportation {unknown}
 o - a scroll of magic mapping {unknown}
Potions
 g - a potion of flight {unknown}
 n - a potion of poison {unknown}
Comestibles
 b - 3 meat rations
 c - 6 chunks of flesh


   Skills:
 + Level 8.1 Fighting
 * Level 11.4 Axes
 + Level 7.1 Armour
 - Level 1.5 Dodging


You had 8 spell levels left.
You didn't know any spells.

Dungeon Overview and Level Annotations

Branches:
Dungeon (10/15)              Lair (0/8) D:9
 Temple: D:4-7          Orc: D:9-12

Altars:
Okawaru
Xom


Message History

The killer bee closely misses you. x2
The sky beast hits you but does no damage.
Unknown command.
Unknown command.
You feel sick. The killer bee stings you.
* * * LOW HITPOINT WARNING * * *
The killer bee barely misses you. The killer bee stings you!
* * * LOW HITPOINT WARNING * * *
The killer bee stings you but does no damage.
The troll bites you but does no damage. The troll claws you.
* * * LOW HITPOINT WARNING * * *
The troll barely misses you.
Unknown command.
Unknown command.
Drink which item? (? for menu, Esc to quit)
You feel better. The killer bee barely misses you. The killer bee stings you.
* * * LOW HITPOINT WARNING * * *
The killer bee stings you but does no damage.
The killer bee stings you.
You die...

..... ......
#+####.......
............
...........
#..........
#.Y........
#@T........
#yy........
#..>.......
#.....$...#
#.........#
#.........+
#####.....#
.....# ...>.#


You could see a troll, a sky beast and 2 killer bees.

Vanquished Creatures
  Pikel (D:7)
  A centaur skeleton (D:10)
  A wraith (D:10)
  A hippogriff (D:10)
  An orc warrior (D:9)
  An ogre (D:6)
  2 slaves (D:7)
  A big kobold (D:7)
  10 killer bees
  A scorpion (D:10)
  3 orc wizards (D:9)
  3 jellies
  A gnoll shaman (D:8)
  A hound (D:7)
  2 crimson imps
  An orc priest (D:9)
  A worker ant (D:7)
  3 adders
  5 gnolls (D:8)
  A giant gecko (D:10)
  8 orcs
  A quokka (D:9)
  7 kobolds
  3 rats
60 creatures vanquished.

Vanquished Creatures (others)
  A troll (D:10)
  A centaur (D:10)
  A scorpion (D:10)
  A giant frog zombie (D:7)
  A hound (D:10)
  A worker ant (D:7)
  An orc wizard (D:10)
7 creatures vanquished.

Grand Total: 67 creatures vanquished

Notes
Turn   | Place    | Note
--------------------------------------------------------------
     0 | D:1      | 4thArraOfDagon the Hill Orc Berserker began the quest for the Orb.
     0 | D:1      | Reached XP level 1. HP: 19/19 MP: 1/1
   178 | D:2      | Reached XP level 2. HP: 24/27 MP: 2/2
   311 | D:5      | Entered Level 5 of the Dungeon
   393 | D:6      | Noticed an ogre
   408 | D:6      | Killed an ogre
   408 | D:6      | Reached skill level 5 in Axes
   408 | D:6      | Reached XP level 3. HP: 34/34 MP: 3/3
   408 | D:6      | Reached XP level 4. HP: 41/41 MP: 4/4
   434 | D:7      | Found an iron altar of Okawaru.
   448 | D:7      | Reached XP level 5. HP: 19/47 MP: 5/5
   519 | D:7      | Noticed a big kobold
   536 | D:7      | Killed a big kobold
   536 | D:7      | Reached skill level 5 in Fighting
   536 | D:7      | Reached skill level 6 in Axes
   536 | D:7      | Reached XP level 6. HP: 30/56 MP: 6/6
   566 | D:7      | Noticed a slave
   593 | D:7      | Killed a slave
   620 | D:7      | Noticed a slave
   620 | D:7      | Noticed Pikel
   627 | D:7      | Killed a slave
   632 | D:7      | Noticed a slave
   637 | D:7      | Killed Pikel
   637 | D:7      | Reached skill level 8 in Axes
   637 | D:7      | Reached skill level 5 in Armour
   637 | D:7      | Reached XP level 7. HP: 45/63 MP: 7/7
   706 | D:7      | Reached skill level 9 in Axes
   706 | D:7      | Reached XP level 8. HP: 53/71 MP: 8/8
   754 | D:7      | Acquired Trog's second power
   857 | D:7      | Found a flagged portal.
   955 | D:7      | Noticed a freed slave
  1106 | D:9      | Found a staircase to the Lair.
  1144 | D:9      | Reached skill level 10 in Axes
  1250 | D:10     | Entered Level 10 of the Dungeon
  1251 | D:10     | Noticed a centaur skeleton
  1263 | D:10     | Killed a centaur skeleton
  1263 | D:10     | Reached skill level 11 in Axes
  1263 | D:10     | Reached XP level 9. HP: 47/80 MP: 9/9
  1271 | D:10     | Killed a troll
  1278 | D:10     | Noticed a centaur zombie
  1278 | D:10     | Found a shimmering altar of Xom.
  1325 | D:9      | Noticed a troll
  1328 | D:9      | HP: 1/81 [troll (6)]
  1329 | D:9      | Slain by a killer bee

Vault maps used:
D:1:      lemuel_arrival_lava_pool, hangedman_decor_diamond_cutter,
          nemelex_xobeh_ov_fountains_minmay
D:2:      gammafunk_temple_overflow_elements,
          grunt_temple_overflow_forces_of_nature, overflow_temple_1_default,
          minmay_misc_feat_four_crosses
D:3:      overflow_temple_1_default, lemuel_round_altar
D:4:      nicolae_ossuary_entry_catacombs, first_bread, uniq_sigmund,
          uniq_menkaure, uniq_duvessa
D:5:      kennysheep_mini_moat, overflow_temple_1_default, temple_doors_a,
          basic_altar, nicolae_qazlal_general_emergency
D:7:      lemuel_coloured_pillars_altar, okawaru_ov_weapons_minmay,
          enter_bailey_8, the_bakery, uniq_pikel
D:9:      lair_0_dummy, bloody_trog, uniq_psyche
D:10:     xom_confusion_cloud

Action                   |  1- 3 |  4- 6 |  7- 9 || total
-------------------------+-------+-------+-------++-------
Melee: Hand axe          |    36 |    68 |    83 ||   187
Invok: Berserk           |     2 |     3 |     6 ||    11
       Trog's Hand       |       |       |     5 ||     5
Evoke: Wand              |       |       |     3 ||     3
  Use: Potion            |     1 |     1 |     1 ||     3
       Scroll            |       |     2 |       ||     2
  Eat: Chunk             |       |     3 |     6 ||     9
       Bread ration      |       |       |     1 ||     1
